 Dungeon Crawl Stone Soup version 0.29-a0-822-ga620ab95ad (webtiles) character file.

Game seed: 4504631520983142268

21 Ajdolov the Sneak (level 2, -3/12 HPs)
             Began as a Felid Transmuter on July 7, 2022.
             Slain by a gnoll
             ... wielding a +0 whip
              (6 damage)
             ... on level 1 of the Dungeon.
             The game lasted 00:01:11 (936 turns).

Ajdolov the Sneak (Felid Transmuter)                 Turns: 936, Time: 00:01:12

Health: -3/12      AC:  1    Str:  6    XL:     2   Next: 65%
Magic:  6/6        EV: 17    Int: 14    God:
Gold:   36         SH:  0    Dex: 16    Spells: 4/5 levels left
                                        Lives:  0   Deaths: 0

rFire   . . .      SeeInvis +     - Unarmed
rCold   + . .      Faith    .   (shield unavailable)
rNeg    . . .      Spirit   .   (body armour unavailable)
rPois   .          Reflect  .   (helmet unavailable)
rElec   .          Harm     .   (cloak unavailable)
rCorr   .          Rampage  .   (gloves unavailable)
Will    .....                   (boots unavailable)
Stlth   +++.......              (no amulet)
HPRegen 0.04/turn               e - ring of protection from cold
MPRegen 0.10/turn               (no ring)

@: appendages (expiring), quick
A: horns 2, very small, claws 1, fangs 3, see invisible, speed 1, shaggy fur 1,
stealthy paws, no weapons or thrown items, no armour, multi-lived
a: End Transformation


You were on level 1 of the Dungeon.
You had temporarily grown beastly horns.
You visited 1 branch of the dungeon, and saw 2 of its levels.

You collected 36 gold pieces.

Inventory:

Jewellery
 e - a ring of protection from cold (left paw)
 g - an amulet of magic regeneration
Scrolls
 c - 2 scrolls of amnesia {unknown}
 d - 2 scrolls of identify {unknown}
 f - 3 scrolls of teleportation {unknown}
 h - a scroll of summoning {unknown}
Potions
 a - a potion of lignification
 b - a potion of curing {unknown}


   Skills:
 - Level 1.0 Fighting
 - Level 2.6 Dodging
 * Level 3.6 Stealth
 - Level 3.0 Unarmed Combat
 - Level 2.0 Spellcasting
 - Level 2.1 Transmutations


You had 4 spell levels left.
You knew the following spells:

 Your Spells              Type           Power      Damage    Failure   Level
a - Beastly Appendage     Tmut           14%        N/A       10%         1

Your spell library contained the following spells:

 Spells                   Type           Power      Damage    Failure   Level
 Wereblood                Tmut           7%         N/A       14%         2
 Spider Form              Tmut/Pois      4%         N/A       41%         3
 Ice Form                 Ice/Tmut       4%         N/A       83%         4


Dungeon Overview and Level Annotations

Branches:
Dungeon (2/15)

Altars:


Innate Abilities, Weirdness & Mutations

You have temporarily grown beastly horns.
You have sharp claws.
You have razor-sharp teeth.
You have supernaturally acute eyesight. (SInv)
You cover ground quickly. (Speed+)
You are covered in fur. (AC +1)
Your paws help you pounce on unaware monsters.
You are incapable of wielding weapons or throwing items.
You cannot wear armour.
You gain extra lives every three experience levels.


Message History

You climb downwards.
Found a scroll labelled NYINASTRURGHE and a dagger.
Found a stone staircase leading down.
There is a stone staircase leading up here.
A gnoll and a ball python come into view.
You grow a pair of large bovine horns.
The gnoll shouts!
You hear a shout!
A gnoll comes into view. It is wielding a +0 flail.
There is a stone staircase leading up here.
The ball python hisses angrily.
The ball python completely misses you. The ball python barely misses you.
The gnoll shouts!
You claw the ball python!
You kill the ball python!
You hear a shout!
The dart slug briefly extends its eye-stalks.
The gnoll throws a throwing net.
The throwing net hits you.
You become entangled in the net!
You stop ascending the stairs.
The dart slug barely misses you.
Unknown command.
You struggle against the net.
Your transformation is almost over.
The gnoll completely misses you.
You struggle against the net.
A gnoll comes into view. It is wielding a +0 spear.
The gnoll hits you with a +0 whip.
The dart slug bites you but does no damage.
You shred the net and break free! The dart slug completely misses you.
The gnoll closely misses you. The gnoll barely misses you.
You climb upwards.
There is a stone staircase leading down here.
You scratch the dart slug. You headbutt the dart slug. You bite the dart slug.
The dart slug is severely wounded.
The dart slug bites you. The gnoll hits you with a +0 whip.
* * * LOW HITPOINT WARNING * * *
You scratch the dart slug. You headbutt the dart slug.
You kill the dart slug!
The gnoll hits you with a +0 whip.
Ouch! That really hurt!
You die...

#.# #.#.....# #.# #.###.#.#
#.#####.# #.#.# ##########
#.#.....# #.#.# #........#
#.#.##### #.#.# #........#
#.#.#######.#.# #........#
#.#...).....#.# #........#
#.###########.# #........#
#g@....)....#.#
#........##############.#.#
#.........†...............#####
#........##############........
#........######## #########
#........##.....# #
#........##.....####### #
###'#.................# #
#[#.#####.....#####.# #


You could see a gnoll.

Vanquished Creatures
  2 dart slugs (D:1)
  A bat (D:1)
  An endoplasm (D:1)
  2 goblins (D:1)
  3 hobgoblins (D:1)
  3 jackals (D:1)
  A kobold (D:1)
  2 ball pythons
  3 rats (D:1)
18 creatures vanquished.

Notes
Turn   | Place    | Note
-------+----------+-------------------------------------------
     0 | D:1      | Ajdolov the Felid Transmuter began the quest for the Orb.
     0 | D:1      | Reached XP level 1. HP: 9/9 MP: 4/4
   309 | D:1      | Reached skill level 1 in Stealth
   376 | D:1      | Reached XP level 2. HP: 12/12 MP: 4/6
   936 | D:1      | Slain by a gnoll

Illustrated notes

Levels and vault maps discovered:
D:1:      dpeg_arrival_leaves_temple_mockup, layout_basic
D:2:      layout_basic, shapermc_ecumenical_altar_mp_ritualfount, serial_shops,
          nicolae_shop_statue_plus, grunt_decor_one_mirror, uniq_jessica

Skill      XL: |  1  2 |
---------------+-------+-----
Stealth        | 2 3 |  3.6
Fighting       | |  1.0
Dodging        | |  2.6
Unarmed Combat | |  3.0
Spellcasting   | |  2.0
Transmutations | |  2.1

Action                   || total
-------------------------++-------
Melee: Unarmed           ||    34
       Bite              ||     4
       Headbutt          ||     5
 Cast: Beastly Appendage ||    10
 Stab: Sleeping          ||     6
Armor: Skin              ||     1
Dodge: Dodged            ||    25

Table legend: (Time is in decaauts)
 A = Elapsed time spent in this place.
 B = Non-inter-level travel time spent in this place.
 C = Inter-level travel time spent in this place.
 D = Time resting spent in this place.
 E = Time spent auto-exploring this place.
 F = Levels seen in this place.
 G = Mean time per level.
                   A        B        C        D        E       F      G
               +--------+--------+--------+--------+--------+-----+--------+
         Total |    828 |    828 |      0 |    202 |    491 |   2 |  414.0 |
       Dungeon |    828 |    828 |      0 |    202 |    491 |   2 |  414.0 |
               +--------+--------+--------+--------+--------+-----+--------+

Top non-repeatable levels by time:
     D:1: 815 daAuts
     D:2: 12 daAuts
